 Dungeon Crawl Stone Soup version 0.27-a0-1312-g5cdb2b3542 (webtiles) character file.

Game seed: 11256156411605438910

354 Froggeryz the Chopper (level 6, -4/50 HPs)
             Began as a Palentonga Berserker on June 19, 2021.
             Was a Priest of Trog.
             Slain by a gnoll (6 damage)
             ... on level 4 of the Dungeon.
             The game lasted 00:03:43 (5011 turns).

Froggeryz the Chopper (Palentonga Berserker)        Turns: 5011, Time: 00:03:43

Health: -4/50      AC: 11    Str: 22    XL:     6   Next: 35%
Magic:  6/6        EV:  8    Int: 10    God:    Trog [***...]
Gold:   152        SH:  0    Dex:  9    Spells: 5/5 levels left

rFire    . . .     SeeInvis +   a - +0 hand axe
rCold    . . .     Faith    .   (no shield)
rNeg     . . .     Spirit   .   e - +0 scale mail
rPois    .         Reflect  .   p - +3 crown of Dyrovepreva {rElec Int+2 SInv}
rElec    +         Harm     .   (no cloak)
rCorr    .         Rampage  .   h - +0 pair of gloves
Will     .....                  (no barding)
Stlth    ..........             (no amulet)
HPRegen  0.16/turn              (no ring)
MPRegen  0.10/turn              (no ring)

@: on berserk cooldown, slowed, very slow
A: large, rugged brown scales 3, see invisible, deformed body, roll 1, armoured
tail
a: Rolling Charge, Renounce Religion, Berserk, Trog's Hand


You were on level 4 of the Dungeon.
You worshipped Trog.
Trog was most pleased with you.
You visited 1 branch of the dungeon, and saw 4 of its levels.

You collected 152 gold pieces.

Inventory:

Hand Weapons
 a - a +0 hand axe (weapon)
Missiles
 o - 4 javelins
 q - 17 poisoned darts
Armour
 e - a +0 scale mail (worn)
 h - a +0 pair of gloves (worn)
 p - the +3 crown of Dyrovepreva (worn) {rElec Int+2 SInv}
   (You found it on level 4 of the Dungeon)

   It affects your intelligence (+2).
   It insulates you from electricity.
   It lets you see invisible.
 r - a +0 buckler
Jewellery
 c - a ring of protection from fire
 k - a ring of flight
Scrolls
 b - 2 scrolls of teleportation
 g - 2 scrolls of immolation
 l - a scroll of summoning
 m - a scroll of identify
 n - 2 scrolls of amnesia {unknown}
Potions
 d - a potion of resistance {unknown}
 f - 2 potions of brilliance {unknown}
 i - a potion of heal wounds {unknown}
 j - a potion of ambrosia {unknown}


   Skills:
 - Level 3.0 Fighting
 * Level 6.1 Axes
 - Level 3.2 Armour
 - Level 1.5 Dodging
 * Level 1.1 Shields


You had 5 spell levels left.
You didn't know any spells.
Your spell library was empty.

Dungeon Overview and Level Annotations

Branches:
Dungeon (4/15)
 Temple: D:4-7

Altars:
Ru


Innate Abilities, Weirdness & Mutations

You are completely covered in rugged brown scales. (AC +3, +7% HP)
You have supernaturally acute eyesight. (SInv)
Armour fits poorly on your strangely shaped body.
You can roll at nearby foes to attack.
You have a long armoured tail.


Message History

You closely miss the gnoll sergeant. You hit the gnoll.
You kill the gnoll!
Trog accepts your kill.
The gnoll sergeant hits you with a +0 trident.
* * * LOW HITPOINT WARNING * * *
The gnoll barely misses you.
You slice the gnoll!!
You kill the gnoll!
Trog accepts your kill.
You barely miss the gnoll sergeant.
The gnoll hits you from afar with a +0 spear.
* * * LOW HITPOINT WARNING * * *
You hit the gnoll sergeant.
The gnoll sergeant is heavily wounded.
The gnoll sergeant hits you with a +0 trident!
* * * LOW HITPOINT WARNING * * *
The gnoll barely misses you.
You completely miss the gnoll sergeant.
The gnoll sergeant is heavily wounded.
You closely miss the gnoll sergeant.
The gnoll sergeant is heavily wounded.
The gnoll sergeant hits you with a +0 trident.
* * * LOW HITPOINT WARNING * * *
The gnoll hits you but does no damage.
You slash the gnoll sergeant!
The gnoll sergeant is severely wounded.
The gnoll sergeant barely misses you. The gnoll closely misses you.
You slash the gnoll sergeant!
You kill the gnoll sergeant!
Trog accepts your kill.
Your Axes skill increases to level 6!
Your Shields skill increases to level 1!
You are no longer berserk.
You are exhausted.
You feel yourself slow down. The gnoll hits you but does no damage.
Things that are here:
a +0 club; a +0 halberd You closely miss the gnoll.
Your tail-slap misses the gnoll.
The gnoll hits you with a +0 spear.
You die...

#######..#.....#.
.........#.....#
..######.......#
# ..#
##......#.### †.#
#..#'≈≈≈≈≈≈≈ ..#
##.#.≈##≈≈≈# ..#
#.#.≈###### ..#
#.#.≈≈#)..# ..#
#.....'@.$# ###
#####..≈≈#)g.#
#......≈######
#.####.≈##≈≈≈#
#.# #.≈≈≈≈≈≈≈
#####.##
#..######
#......# #..#
#......# ##.##
#......# #..#


You could see a gnoll.

Vanquished Creatures
  A gnoll sergeant (D:4)
  A scorpion (D:4)
  Natasha (twice) (D:3)
  3 gnolls (D:4)
  5 adders
  2 worms
  A dart slug (D:3)
  5 orcs (D:4)
  7 endoplasms
  3 giant cockroaches
  7 goblins
  9 hobgoblins
  10 jackals
  9 kobolds
  5 quokkas
  13 ball pythons
  8 bats
  5 frilled lizards
  6 rats
102 creatures vanquished.

Notes
Turn   | Place    | Note
-------+----------+-------------------------------------------
     0 | D:1      | Froggeryz the Palentonga Berserker began the quest for the
                  | Orb.
     0 | D:1      | Reached XP level 1. HP: 19/19 MP: 1/1
   164 | D:1      | Reached XP level 2. HP: 15/25 MP: 2/2
  1016 | D:1      | Reached XP level 3. HP: 28/31 MP: 3/3
  1097 | D:1      | Reached ** piety under Trog
  1108 | D:1      | Reached skill level 4 in Axes
  1449 | D:1      | Found a sacrificial altar of Ru.
  2152 | D:2      | Reached XP level 4. HP: 37/37 MP: 4/4
  3471 | D:3      | Reached *** piety under Trog
  3616 | D:3      | Noticed Natasha
  3866 | D:3      | Killed Natasha
  3867 | D:3      | Reached skill level 5 in Axes
  3867 | D:3      | Reached XP level 5. HP: 25/43 MP: 5/5
  4066 | D:3      | Noticed Natasha
  4085 | D:3      | Killed Natasha
  4304 | D:3      | Found a sacrificial altar of Ru.
  4744 | D:4      | Found the +3 crown of Dyrovepreva {rElec Int+2 SInv}
  4924 | D:4      | Reached XP level 6. HP: 50/50 MP: 6/6
  5007 | D:4      | HP: 3/75 [gnoll sergeant (2)]
  5010 | D:4      | Reached skill level 6 in Axes
  5010 | D:4      | Reached skill level 1 in Shields
  5011 | D:4      | Slain by a gnoll

Illustrated notes

Levels and vault maps discovered:
D:1:      dpeg_arrival_water_altar, layout_basic, grunt_decor_mini_mirrors
D:2:      layout_basic, minmay_ruptured
D:3:      layout_basic, nicolae_ru_great_annihilating_truth,
          serial_corexii_hall, chequers_hall_statues_wall_a,
          corexii_hall_statues_i, nrook_mini_backslash,
          corexii_item_surrounded_by_moat, minmay_vboxes, uniq_natasha
D:4:      layout_basic, minmay_misc_feat_cross, lightli_minifort

Skill      XL: |  1  2  3  4  5  6 |
---------------+-------------------+-----
Armour         | 2 3 |  3.2
Axes           | 4 5 6 |  6.1
Shields        | 1 |  1.1
Fighting       | |  3.0
Dodging        | |  1.5

Action                   |  1- 3 |  4- 6 || total
-------------------------+-------+-------++-------
Melee: Hand axe          |   120 |   174 ||   294
       Tailslap          |    15 |    15 ||    30
       Unarmed           |       |    10 ||    10
Invok: Berserk           |     1 |     2 ||     3
 Abil: Rolling Charge    |       |     1 ||     1
  Use: Scroll            |       |     6 ||     6
 Stab: Paralysed         |       |     1 ||     1
Armor: Animal skin       |     2 |       ||     2
       Scale mail        |    66 |    80 ||   146
Dodge: Dodged            |    68 |    83 ||   151

Table legend: (Time is in decaauts)
 A = Elapsed time spent in this place.
 B = Non-inter-level travel time spent in this place.
 C = Inter-level travel time spent in this place.
 D = Time resting spent in this place.
 E = Time spent auto-exploring this place.
 F = Levels seen in this place.
 G = Mean time per level.
                   A        B        C        D        E       F      G
               +--------+--------+--------+--------+--------+-----+--------+
         Total |   5061 |   4895 |    166 |    527 |   3733 |   4 | 1265.2 |
       Dungeon |   5061 |   4895 |    166 |    527 |   3733 |   4 | 1265.2 |
               +--------+--------+--------+--------+--------+-----+--------+

Top non-repeatable levels by time:
     D:3: 1536 daAuts
     D:1: 1529 daAuts
     D:2: 1429 daAuts
     D:4: 566 daAuts
